Unix NetHack Version 5.0.0-0 post-release - last build May  4 2026 22:22:43 (774f63e81ad911689b3a0859ea89b322d5daca8d,branch:main).

Game began 2026-05-06 06:48:25, ended 2026-05-06 07:06:10.

1212459919, neutral male human Archeologist

                                                                      ---.|
                                                                      |...--
                                                                     --...<|
                                                                     |.G...-
                                                                     |@.....
                                                                     .......--
                                                                       -.....|
                                                                       ---...|
                                                                         |..--
                                                                         ---
1212459919 the Digger      St:11 Dx:11 Co:11 In:15 Wi:14 Ch:13  Neutral
Dlvl:4  $:37 HP:0(20) Pw:9(9) AC:9  Xp:2 T:868 

Latest messages:
 You descend the stairs.
 The door resists!
 The door opens.
 The door opens.
 You see here a food ration.
 You learn more about your items by comparing them.
 d - an uncursed food ration (5 in total).
 The door opens.
 With great effort you move the boulder.
 You try to move the boulder, but in vain.
 You try to move the boulder, but in vain.
 You try to move the boulder, but in vain.
 You try to move the boulder, but in vain.
 You try to move the boulder, but in vain.
 You try to move the boulder, but in vain.
 You try to move the boulder, but in vain.
 You try to move the boulder, but in vain.
 You try to move the boulder, but in vain.
 You try to move the boulder, but in vain.
 You try to move the boulder, but in vain.
 You try to move the boulder, but in vain.
 You try to move the boulder, but in vain.
 You try to move the boulder, but in vain.
 You try to move the boulder, but in vain.
 You try to move the boulder, but in vain.
 You try to move the boulder, but in vain.
 You try to move the boulder, but in vain.
 You try to move the boulder, but in vain.
 You try to move the boulder, but in vain.
 You try to move the boulder, but in vain.
 You try to move the boulder, but in vain.
 You try to move the boulder, but in vain.
 You descend the stairs.
 You are hit by a dart.
 You are hit by a dart.
 You lash the gnome.
 The gnome hits!
 The gnome just misses!
 The gnome hits!
 The gnome hits!
 You are hit by a dart.
 The gnome hits!
 You hear rumbling in the distance.
 The gnome hits!
 You die...
 Do you want your possessions identified? [ynq] (y) y
 Do you want to see your attributes? [ynq] (y) y
 Do you want an account of creatures vanquished? [ynaq] (y) y
 Do you want to see your conduct and achievements? [ynq] (y) y
 Do you want to see the dungeon overview? [ynq] (y) y

Inventory:
 Coins    ('$')
  $ - 37 gold pieces
 Weapons  (')')
  a - a blessed +2 bullwhip (weapon in right hand)
 Armor    ('[')
  c - an uncursed +0 fedora (being worn)
  b - an uncursed +0 leather jacket (being worn)
 Comestibles  ('%')
  d - 5 uncursed food rations
 Potions  ('!')
  j - an uncursed potion of healing
 Tools    ('(')
  h - an empty uncursed sack
  i - a magic marker (0:19)
  e - a +0 pick-axe (alternate weapon; not wielded)
  f - a tinning kit (0:59)
 Gems/Stones  ('*')
  g - an uncursed touchstone

1212459919 the Archeologist's attributes:

Background:
 You were a Digger, a level 2 male human Archeologist.
 You were neutral, on a mission for Camaxtli
 who was opposed by Quetzalcoatl (lawful) and Huhetotl (chaotic).
 You were right-handed.
 You were in the Gnomish Mines, on level 4.
 You entered the dungeon 868 turns ago.
 You had 28 experience points, 12 more were needed to attain level 3.

Basics:
 You had 0 out of 20 hit points.
 You had all 9 energy points (spell power).
 Your armor class was 9.
 Your wallet contained 37 zorkmids.
 Autopickup was off.

Final Characteristics:
 Your strength was 11 (limit:18/100).
 Your dexterity was 11 (limit:18).
 Your constitution was 11 (limit:18).
 Your intelligence was 15 (limit:18).
 Your wisdom was 14 (limit:18).
 Your charisma was 13 (limit:18).

Final Status:
 You weren't hungry.
 You were unencumbered.
 You were wielding a whip.
 You had basic skill with whip.

Final Attributes:
 You were fervently aligned.
 You had automatic searching.
 You were lucky.
 You are dead.

Miscellaneous:
 You didn't encounter any bones levels.
 Total elapsed playing time was 17 minutes and 44 seconds.

Major events:
 Turn
    1: 1212459919 the neutral male human Archeologist entered the dungeon
  839: entered the Gnomish Mines
  868: killed by a gnome

You didn't know any spells.

Skills:
 Fighting Skills
   bare handed combat [Unskilled]
   two weapon combat  [Unskilled]
   riding             [Unskilled]
 Weapon Skills
   dagger             [Unskilled]
   knife              [Unskilled]
   pick-axe           [Basic]
   short sword        [Unskilled]
   saber              [Unskilled]
   club               [Unskilled]
   quarterstaff       [Unskilled]
   sling              [Unskilled]
   dart               [Unskilled]
   boomerang          [Unskilled]
   whip               [Basic]
   unicorn horn       [Unskilled]
 Spellcasting Skills
   attack spells      [Unskilled]
   healing spells     [Unskilled]
   divination spells  [Unskilled]
   matter spells      [Unskilled]

Voluntary challenges:
 Character rerolling was not enabled.
 You followed a strict vegan diet.
 You were an atheist.
 You were illiterate.
 You never genocided any monsters.
 You never polymorphed an object.
 You never changed form.
 You used no wishes.
Achievements:
 You entered a shop.
 You entered the Gnomish Mines.

 The Dungeons of Doom: levels 1 to 3
    Level 1:
       A fountain.
    Level 2:
       A general store, a fountain.
    Level 3:
       A fountain.
       Stairs down to The Gnomish Mines.
 The Gnomish Mines:
    Level 4: <- You were here.
       Final resting place for
          you, killed by a gnome.


Vanquished creatures:
  a coyote
  5 jackals
  a kobold
  a goblin
  a grid bug
  a lichen
  5 newts
15 creatures vanquished.

No species were genocided or became extinct.

Game over:
                       ----------
                      /          \
                     /    REST    \
                    /      IN      \
                   /     PEACE      \
                  /                  \
                  |    1212459919    |
                  |      37 Au       |
                  |   killed by a    |
                  |      gnome       |
                  |                  |
                  |                  |
                  |       2026       |
                 *|     *  *  *      | *
        _________)/\\_//(\/(/\)/\//\/|_)_______

Goodbye 1212459919 the Archeologist...

You died in The Gnomish Mines on dungeon level 4 with 296 points,
and 37 pieces of gold, after 868 moves.
You were level 2 with a maximum of 20 hit points when you died.

